 Dungeon Crawl Stone Soup version 0.28.0-55-gcd9437bce4 (webtiles) character file.

Game seed: 11023730199460313132

70 jjjjhere the Sneak (level 4, 0/21 HPs)
             Began as a Spriggan Venom Mage on Jan 5, 2023.
             Succumbed to an adder's poison
             ... on level 2 of the Dungeon.
             The game lasted 00:03:11 (2286 turns).

jjjjhere the Sneak (Spriggan Venom Mage)            Turns: 2286, Time: 00:03:12

Health: 0/21       AC:  2    Str:  4    XL:     4   Next: 4%
Magic:  5/11       EV: 17    Int: 18    God:
Gold:   74         SH:  0    Dex: 15    Spells: 3/11 levels left

rFire   . . .      SeeInvis +   c - +1 short sword (freeze)
rCold   . . .      Faith    .   (no shield)
rNeg    . . .      Spirit   .   a - +0 robe
rPois   .          Reflect  .   (helmet restricted)
rElec   .          Harm     .   (no cloak)
rCorr   .          Rampage  .   (gloves unavailable)
Will    .....                   (boots unavailable)
Stlth   +++.......              (no amulet)
HPRegen 0.07/turn               (no ring)
MPRegen 0.12/turn               (no ring)

@: lethally poisoned (0 -> -2), very quick
A: very small, no large weapons, unfitting armour, see invisible, speed 3
a: no special abilities


You were on level 2 of the Dungeon.
You visited 1 branch of the dungeon, and saw 2 of its levels.

You collected 74 gold pieces.

Inventory:

Hand Weapons
 c - a +1 short sword of freezing (weapon)
Armour
 a - a +0 robe (worn)
Jewellery
 b - an amulet of guardian spirit
 h - an amulet of faith
Scrolls
 d - a scroll of magic mapping {unknown}
 e - a scroll of identify {unknown}
 g - a scroll of immolation {unknown}


   Skills:
 - Level 2.6 Dodging
 - Level 4.3 Stealth
 + Level 4.2 Spellcasting
 + Level 1.9 Hexes
 - Level 1.3 Transmutations
 - Level 3.0 Poison Magic


You had 3 spell levels left.
You knew the following spells:

 Your Spells              Type           Power      Damage    Failure   Level
a - Sting                 Tmut/Pois      44%        1d5       6%          1
b - Poisonous Vapours     Pois/Air       18%        N/A       12%         2
c - Ensorcelled Hibernat  Hex/Ice        14%        N/A       14%         2
d - Mephitic Cloud        Conj/Pois/Air  7%         N/A       28%         3

Your spell library contained the following spells:

 Spells                   Type           Power      Damage    Failure   Level
 Foxfire                  Conj/Fire      12%        2x1d4     14%         1
 Spider Form              Tmut/Pois      11%        N/A       17%         3
 Inner Flame              Hex/Fire       7%         N/A       28%         3
 Conjure Flame            Conj/Fire      3%         6-21      41%         3
 Olgreb's Toxic Radiance  Pois           14%        N/A       38%         4
 Anguish                  Hex/Necr       3%         N/A       67%         4
 Flame Wave               Conj/Fire      3%         2d4       82%         4


Dungeon Overview and Level Annotations

Branches:
Dungeon (2/15)

Altars:

Shops:
D:2 [


Innate Abilities, Weirdness & Mutations

You are very small and have problems with some larger weapons.
You are too small for most types of armour.
You have supernaturally acute eyesight. (SInv)
You cover ground extremely quickly. (Speed+++)


Message History

Casting: Sting (safe; 6% risk of failure)
Confirm with . or Enter, or press ? or * to list all spells.
Aiming: Sting (safe; 6% risk of failure)
Press: ? - help, Shift-Dir - straight line, f - adder
Aim: an adder (53% to hit)
The sting hits the adder.
The adder is poisoned.
The adder is lightly wounded.
The adder misses you.
Casting: Sting (safe; 6% risk of failure)
Confirm with . or Enter, or press ? or * to list all spells.
Aiming: Ensorcelled Hibernation (safe; 16% risk of failure)
Press: ? - help, Shift-Dir - straight line, f/p - adder
Aim: an adder (moderately wounded, poisoned, chance to affect: 49%)
You miscast Ensorcelled Hibernation.
You are very lightly contaminated with residual magic.
Nothing appears to happen.
The adder bites you.
Casting: Ensorcelled Hibernation (safe; 16% risk of failure)
Confirm with . or Enter, or press ? or * to list all spells.
Aiming: Ensorcelled Hibernation (safe; 16% risk of failure)
Press: ? - help, Shift-Dir - straight line, f/p - adder
Aim: an adder (severely wounded, poisoned, chance to affect: 49%)
You miscast Ensorcelled Hibernation.
Nothing appears to happen.
The adder bites you.
* * * LOW HITPOINT WARNING * * *
You are lethally poisoned!
The adder poisons you!
* * * LOW HITPOINT WARNING * * *
You feel sick.
You kill the adder!
You have reached level 4!
There is a lethal amount of poison in your body!
There is a lethal amount of poison in your body!
It was a potion of cancellation.
You feel magically purged.
Your magical contamination has completely faded away.
* * * LOW HITPOINT WARNING * * *
You feel sick.
* * * LOW HITPOINT WARNING * * *
You feel sick.
You aren't carrying any potions.
You die...

##..# .... ##+## .# ... ##.(.##
#.# #.### ##.....## #.## #.#.##
##.......## ##..##
####....####.........###....##
.P#........'..†......+.......####
#.##.(..####....@....##.........#
#)##.#..# ##.......#.........#
#.##.##.# ##.....##.........#
8.'..##.# ##...###.§.......#
###.....# ##+## #.§.§§..$##
#.##### #.§§§§≈..... #.#
#..§.§.≈.### #.# #.§..∩..≈# #.#
##.≈.§§≈.#


There were no monsters in sight!

Vanquished Creatures
  2 adders (D:2)
  An adder skeleton (D:2)
  A worm (D:2)
  A dart slug (D:1)
  5 endoplasms
  A giant cockroach (D:1)
  3 goblins (D:1)
  2 hobgoblins
  7 kobolds
  2 quokkas
  8 ball pythons (D:1)
  8 bats
  A frilled lizard (D:1)
  2 rats (D:1)
44 creatures vanquished.

Vanquished Creatures (others)
  2 plants (D:2)
2 creatures vanquished.

Grand Total: 46 creatures vanquished

Notes
Turn   | Place    | Note
-------+----------+-------------------------------------------
     0 | D:1      | jjjjhere the Spriggan Venom Mage began the quest for the
                  | Orb.
     0 | D:1      | Reached XP level 1. HP: 9/9 MP: 5/5
    13 | D:1      | Noticed a minotaur zombie
    13 | D:1      | Noticed a demonspawn zombie
   223 | D:1      | HP: 1/9 [frozen (4)]
   319 | D:1      | Reached XP level 2. HP: 6/13 MP: 5/7
   343 | D:1      | Learned a level 2 spell: Poisonous Vapours
  1192 | D:1      | Learned a level 2 spell: Ensorcelled Hibernation
  1224 | D:1      | Reached XP level 3. HP: 11/16 MP: 6/9
  1441 | D:1      | Learned a level 3 spell: Mephitic Cloud
  1992 | D:2      | Reached skill level 1 in Hexes
  2200 | D:2      | Found a faded altar of an unknown god.
  2260 | D:2      | Found Faessuy's Antique Armour Shoppe.
  2282 | D:2      | HP: 4/16 [adder (3)]
  2284 | D:2      | Reached XP level 4. HP: 4/21 MP: 4/11
  2285 | D:2      | HP: 1/21 [poisoned by an adder]
  2286 | D:2      | Succumbed to an adder's poison

Illustrated notes

Levels and vault maps discovered:
D:1:      shiori_arrival_whats_in_store_for_you, layout_basic,
          minmay_box_of_dots
D:2:      cheibrodos_old_hovel, layout_loops_corners, serial_shops,
          nicolae_diamond_shop, shapermc_ecumenical_altar_ellora,
          chequers_serial_rivers_micro_b, roderic_serpentine_path

Skill      XL: |  1  2  3 |
---------------+----------+-----
Spellcasting   | 3 4 |  4.2
Stealth        | 4 |  4.3
Hexes          | 1 |  1.9
Dodging        | |  2.6
Transmutations | |  1.3
Poison Magic   | |  3.0

Action                   |  1- 3 |  4- 6 || total
-------------------------+-------+-------++-------
Melee: Short sword       |    58 |       ||    58
       Punch             |     1 |       ||     1
 Cast: Sting             |    48 |       ||    48
  Use: Potion            |       |     1 ||     1
 Stab: Sleeping          |    10 |       ||    10
Armor: Robe              |     5 |       ||     5
Dodge: Dodged            |    59 |       ||    59
